 Dungeon Crawl Stone Soup version 0.27-a0-1193-g8631133539 (webtiles) character file.

Game seed: 15062272365359589694

83 Delamore the Skirmisher (level 4, -4/29 HPs)
             Began as a Gargoyle Fighter on May 26, 2021.
             Slain by an iguana (11 damage)
             ... on level 3 of the Dungeon.
             The game lasted 00:01:45 (2216 turns).

Delamore the Skirmisher (Gargoyle Fighter)          Turns: 2216, Time: 00:01:45

Health: -4/29      AC: 12    Str: 20    XL:     4   Next: 44%
Magic:  4/4        EV:  7    Int:  9    God:
Gold:   130        SH:  9    Dex:  9    Spells: 3/3 levels left

rFire    . . .     SeeInvis .   a - +0 flail
rCold    . . .     Faith    .   c - +0 kite shield
rNeg     + . .     Spirit   .   b - +0 scale mail
rPois    ∞         Reflect  .   k - +0 helmet
rElec    +         Harm     .   (no cloak)
rCorr    .         Rampage  .   h - +0 pair of gloves
Will     .....                  (no boots)
Stlth    ..........             (no amulet)
HPRegen  0.09/turn              (no ring)
MPRegen  0.09/turn              (no ring)

@: no status effects
A: sickness immunity, AC +3, negative energy resistance 1, electricity
resistance, torment resistance 1, petrification resistance
a: no special abilities


You were on level 3 of the Dungeon.
You visited 1 branch of the dungeon, and saw 3 of its levels.

You collected 130 gold pieces.

Inventory:

Hand Weapons
 a - a +0 flail (weapon)
Armour
 b - a +0 scale mail (worn)
 c - a +0 kite shield (worn)
 h - a +0 pair of gloves (worn)
 k - a +0 helmet (worn)
Scrolls
 g - a scroll of enchant armour
 i - a scroll of amnesia {unknown}
 j - a scroll of fear {unknown}
Potions
 d - a potion of might
 e - 2 potions of haste
 f - a potion of degeneration
 l - a potion of resistance


   Skills:
 + Level 4.1 Fighting
 * Level 3.9 Maces & Flails
 - Level 3.2 Armour
 - Level 3.2 Shields


You had 3 spell levels left.
You didn't know any spells.
Your spell library was empty.

Dungeon Overview and Level Annotations

Branches:
Dungeon (3/15)

Altars:


Innate Abilities, Weirdness & Mutations

You are immune to sickness and miasma.
Your stone body is resilient. (AC +3)
You are immune to poison.
You resist negative energy. (rN+)
You are resistant to electric shocks. (rElec)
You are resistant to unholy torment.
You are immune to petrification.


Message History

The iguana bites you but does no damage.
You barely miss the iguana. You block the iguana's attack.
You hit the iguana.
The iguana is moderately wounded.
The iguana bites you. The iguana barely misses you.
You closely miss the iguana.
The iguana is moderately wounded.
You block the iguana's attack.
Your scale mail prevents you from hitting the iguana.
The iguana is moderately wounded.
The iguana barely misses you. You block the iguana's attack.
You hit the iguana.
The iguana is severely wounded.
The iguana bites you!
* * * LOW HITPOINT WARNING * * *
You are too injured to fight recklessly!
You are too injured to fight recklessly!
You are too injured to fight recklessly!
You are too injured to fight recklessly!
You are too injured to fight recklessly!
You are too injured to fight recklessly!
You are too injured to fight recklessly!
You are too injured to fight recklessly!
You are too injured to fight recklessly!
You are too injured to fight recklessly!
You are too injured to fight recklessly!
You hit the iguana but do no damage.
The iguana is severely wounded.
You block the iguana's attack. The iguana barely misses you.
You hit the iguana.
The iguana is severely wounded.
The iguana closely misses you.
Your shield prevents you from hitting the iguana.
The iguana is severely wounded.
The iguana bites you.
* * * LOW HITPOINT WARNING * * *
You hit the iguana.
The iguana is almost dead.
The iguana bites you!
You die...

###### #)...####
#.##.#..
#####.##.#.#
##.....##.#.#####.
#...#####.@.......
#...# ###l######
#...# ... #...####
###.# ##.#...... #
#.#.##### #......#
#...._.# #......#


You could see an iguana.

Vanquished Creatures
  Robin (D:2)
  2 adders (D:2)
  A worm (D:2)
  A dart slug (D:1)
  3 bats (D:2)
  2 endoplasms
  2 giant cockroaches (D:2)
  8 goblins
  5 hobgoblins
  6 kobolds
  2 quokkas
  6 ball pythons
  A frilled lizard (D:1)
  6 rats
46 creatures vanquished.

Notes
Turn   | Place    | Note
-------+----------+-------------------------------------------
     0 | D:1      | Delamore the Gargoyle Fighter began the quest for the Orb.
     0 | D:1      | Reached XP level 1. HP: 14/14 MP: 1/1
   303 | D:1      | Reached XP level 2. HP: 18/19 MP: 2/2
  1062 | D:2      | Reached XP level 3. HP: 24/24 MP: 3/3
  1503 | D:2      | Reached skill level 4 in Fighting
  1588 | D:2      | Noticed Robin
  1595 | D:2      | Reached XP level 4. HP: 25/29 MP: 4/4
  1679 | D:2      | Killed Robin
  2094 | D:3      | Found Sidebum's Book Boutique.
  2173 | D:3      | Found a faded altar of an unknown god.
  2216 | D:3      | Slain by an iguana

Illustrated notes

Levels and vault maps discovered:
D:1:      eino_arrival_water_star, layout_loops_corners
D:2:      layout_loops_ring, uniq_robin
D:3:      layout_basic, zin_academy, jmf_multi_god_temple2,
          basic_ecumenical_altar, serial_shops, nicolae_shop_waterfront,
          grunt_decor_resistance

Skill      XL: |  1  2  3 |
---------------+----------+-----
Maces & Flails | 3 |  3.9
Fighting       | 4 |  4.1
Armour         | |  3.2
Shields        | |  3.2

Action                   |  1- 3 |  4- 6 || total
-------------------------+-------+-------++-------
Melee: Flail             |    92 |    40 ||   132
  Use: Scroll            |     2 |     2 ||     4
Armor: Scale mail        |    42 |    17 ||    59
Dodge: Dodged            |    26 |    12 ||    38
Block: Kite shield       |    53 |    16 ||    69

Table legend: (Time is in decaauts)
 A = Elapsed time spent in this place.
 B = Non-inter-level travel time spent in this place.
 C = Inter-level travel time spent in this place.
 D = Time resting spent in this place.
 E = Time spent auto-exploring this place.
 F = Levels seen in this place.
 G = Mean time per level.
                   A        B        C        D        E       F      G
               +--------+--------+--------+--------+--------+-----+--------+
         Total |   2284 |   2213 |     71 |     63 |   1797 |   3 |  761.3 |
       Dungeon |   2284 |   2213 |     71 |     63 |   1797 |   3 |  761.3 |
               +--------+--------+--------+--------+--------+-----+--------+

Top non-repeatable levels by time:
     D:1: 1134 daAuts
     D:2: 882 daAuts
     D:3: 267 daAuts
